 Dungeon Crawl Stone Soup version 0.29-a0-620-g13ace881f2 (webtiles) character file.

Game seed: 8696538351529962044

102 CannotBeFrozen the Skirmisher (level 4, -1/38 HPs)
             Began as a Demigod Warper on June 18, 2022.
             Slain by an orc
             ... wielding a +0 morningstar
              (4 damage)
             ... on level 3 of the Dungeon.
             The game lasted 00:07:55 (2666 turns).

CannotBeFrozen the Skirmisher (Demigod Warper)      Turns: 2666, Time: 00:07:56

Health: -1/38      AC:  6    Str: 16    XL:     4   Next: 26%
Magic:  9/9        EV: 11    Int: 15    God:
Gold:   56         SH:  0    Dex: 13    Spells: 4/6 levels left

rFire   + . .      SeeInvis .   a - +0 mace
rCold   + . .      Faith    .   (no shield)
rNeg    . . .      Spirit   .   b - +0 leather armour
rPois   +          Reflect  .   u - +0 helmet
rElec   .          Harm     .   i - scarf {rC+ rF+}
rCorr   .          Rampage  .   h - +1 pair of gloves
Will    .....                   (no boots)
Stlth   +.........              (no amulet)
HPRegen 0.12/turn               g - ring of poison resistance
MPRegen 0.11/turn               (no ring)

@: no status effects
A: high MP 1, forlorn, divine attributes
a: no special abilities


You were on level 3 of the Dungeon.
You visited 1 branch of the dungeon, and saw 3 of its levels.

You collected 56 gold pieces.

Inventory:

Hand Weapons
 a - a +0 mace (weapon)
Missiles
 c - 6 boomerangs (quivered)
 d - 7 boomerangs of dispersal {=f =F}
 f - 50 stones
 t - 5 poisoned darts
Armour
 b - a +0 leather armour (worn)
 h - a +1 pair of gloves (worn)
 i - a scarf of resistance (worn)
 n - a scarf of repulsion
 u - a +0 helmet (worn)
Jewellery
 g - a ring of poison resistance (left hand)
 q - a ring of ice
Scrolls
 l - a scroll of enchant weapon {unknown}
Potions
 e - 2 potions of flight
 j - a potion of brilliance
 k - 2 potions of attraction
 m - a potion of heal wounds {@q2}
 o - a potion of curing {unknown}
 r - a potion of haste {unknown}
 s - a potion of ambrosia {unknown}
 v - a potion of berserk rage {unknown}


   Skills:
 + Level 3.5 Fighting
 - Level 3.0 Maces & Flails
 - Level 0.8 Throwing
 - Level 0.8 Armour
 - Level 1.7 Dodging
 - Level 1.7 Spellcasting
 - Level 2.6 Translocations


You had 4 spell levels left.
You knew the following spells:

 Your Spells              Type           Power      Damage    Failure   Level
a - Blink                 Tloc           18%        N/A       14%         2

Your spell library contained the following spells:

 Spells                   Type           Power      Damage    Failure   Level
 Gell's Gravitas          Tloc           9%         N/A       28%         3
 Lesser Beckoning         Tloc           9%         N/A       28%         3
 Teleport Other           Tloc           9%         N/A       28%         3
 Sublimation of Blood     Necr           1%         N/A       38%         2
 Petrify                  Tmut/Erth      1%         N/A       95%         4
 Manifold Assault         Tloc           9%         N/A       95%         5
 Irradiate                Conj/Tmut      0%         3d13      100%        5


Dungeon Overview and Level Annotations

Branches:
Dungeon (3/15)


Innate Abilities, Weirdness & Mutations

You have an increased reservoir of magic. (+10% MP)
You shall have no god before yourself.
Your divine heritage dramatically boosts your attributes as you level up.


Message History

Throw: 6 boomerangs
Press: ? - help, Shift-Dir - straight line, f - orc
Aim: an orc, wielding a +0 morningstar and wearing a +0 ring mail (61% to hit)
You throw a boomerang.
The boomerang hits the orc but does no damage.
The orc closely misses you. The orc hits you with a +0 morningstar!
* * * LOW HITPOINT WARNING * * *
HP: 2/38 (-7) ------------ !
Throw: 6 boomerangs
Press: ? - help, Shift-Dir - straight line, f/p - orc
Aim: an orc, wielding a +0 morningstar and wearing a +0 ring mail (61% to hit)
You throw a boomerang.
The boomerang hits the orc but does no damage.
The orc barely misses you.
There's nothing to close nearby.
Unknown command.
Throw: 6 boomerangs
Press: ? - help, Shift-Dir - straight line, f/p - orc
Aim: an orc, wielding a +0 morningstar and wearing a +0 ring mail (61% to hit)
You throw a boomerang. The boomerang closely misses the orc.
The orc barely misses you.
Throw: 6 boomerangs
Press: ? - help, Shift-Dir - straight line, f/p - orc
Aim: an orc, wielding a +0 morningstar and wearing a +0 ring mail (61% to hit)
You throw a boomerang. The boomerang hits the orc.
The orc is lightly wounded.
The orc barely misses you.
Throw: 6 boomerangs
Press: ? - help, Shift-Dir - straight line, f/p - orc
Aim: an orc, wielding a +0 morningstar and wearing a +0 ring mail (lightly wounded, 61% to hit)
You throw a boomerang. The boomerang closely misses the orc.
The orc barely misses you. The orc misses you.
Throw: 6 boomerangs
Press: ? - help, Shift-Dir - straight line, f/p - orc
Aim: an orc, wielding a +0 morningstar and wearing a +0 ring mail (lightly wounded, 61% to hit)
You throw a boomerang.
The boomerang hits the orc but does no damage.
The orc is lightly wounded.
The orc hits you with a +0 morningstar.
You die...

#.#.#####.#...........# #.
#.#......^#...........####### #.
#.###.....'...........##....#####.
#.# #.###.#....#+###..§§.....§§..o
#.# #.# #.#..>.......≈§§≈≈≈≈.§§≈≈≈
#.# #.# #.#.#+##.###.§..§§.≈..§..≈
#.# #.# #.#.#.##.# #.≈.≈≈§.≈≈≈≈§.≈
#.# #.# #.#.#.##o# #.≈§≈_≈.≈...≈.≈
#.# #.# #.#.#.##@###.≈§§§§.≈.§.≈§≈
#.# #.###...#........§.≈...§.≈_≈.§
#.# #.........##.#...§.≈§≈≈≈§≈≈≈.§
#.# #####........#..§≈§§...≈.....≈
#.#######.########...§§§≈≈.§≈≈≈≈§§
#.........# #..........§.....
########### #....#####.......
#....# ##.. . #....#


You could see an orc.

Vanquished Creatures
  Jessica (D:2)
  An orc wizard (D:3)
  An adder (D:2)
  A dart slug (D:1)
  An orc (D:2)
  2 bats (D:2)
  5 endoplasms
  2 giant cockroaches (D:1)
  2 goblins (D:2)
  2 hobgoblins
  2 jackals (D:1)
  5 quokkas
  4 ball pythons
  6 frilled lizards
  4 kobolds
  A rat (D:2)
40 creatures vanquished.

Notes
Turn   | Place    | Note
-------+----------+-------------------------------------------
     0 | D:1      | CannotBeFrozen the Demigod Warper began the quest for the
                  | Orb.
     0 | D:1      | Reached XP level 1. HP: 17/17 MP: 5/5
   713 | D:1      | Reached XP level 2. HP: 21/24 MP: 7/7
   719 | D:1      | Learned a level 2 spell: Blink
  1447 | D:2      | Reached XP level 3. HP: 28/29 MP: 8/8
  1707 | D:2      | Noticed Jessica
  1718 | D:2      | Killed Jessica
  2661 | D:3      | Reached XP level 4. HP: 9/38 MP: 9/9
  2666 | D:3      | Slain by an orc

Illustrated notes

Levels and vault maps discovered:
D:1:      minmay_arrival_diagonal_passages, layout_basic
D:2:      layout_rooms, uniq_jessica
D:3:      layout_basic, mainiacjoe_overflow_catwalk_spiral,
          lemuel_crystal_altar, chequers_ecumenical_altar_simple

Skill      XL: |  1  2  3 |
---------------+----------+-----
Maces & Flails | 2 3 |  3.0
Fighting       | 2 3 |  3.5
Throwing       | |  0.8
Armour         | |  0.8
Dodging        | |  1.7
Spellcasting   | |  1.7
Translocations | |  2.6

Action                   |  1- 3 |  4- 6 || total
-------------------------+-------+-------++-------
Melee: Mace              |   141 |       ||   141
Throw: Stone             |    31 |       ||    31
       Boomerang         |     2 |     6 ||     8
  Use: Scroll            |     5 |       ||     5
Armor: Leather armour    |    69 |       ||    69
Dodge: Dodged            |    89 |     6 ||    95

Table legend: (Time is in decaauts)
 A = Elapsed time spent in this place.
 B = Non-inter-level travel time spent in this place.
 C = Inter-level travel time spent in this place.
 D = Time resting spent in this place.
 E = Time spent auto-exploring this place.
 F = Levels seen in this place.
 G = Mean time per level.
                   A        B        C        D        E       F      G
               +--------+--------+--------+--------+--------+-----+--------+
         Total |   2705 |   2650 |     55 |   1113 |    751 |   3 |  901.7 |
       Dungeon |   2705 |   2650 |     55 |   1113 |    751 |   3 |  901.7 |
               +--------+--------+--------+--------+--------+-----+--------+

Top non-repeatable levels by time:
     D:1: 1319 daAuts
     D:2: 1053 daAuts
     D:3: 333 daAuts
